 Dungeon Crawl Stone Soup version 0.29.1-4-g47bece8355 (webtiles) character file.

Game seed: 1848572868481994408

2 ChadusMaximus the Caller (level 1, 3/13 HPs)
             Began as a Human Summoner on Dec 6, 2022.
             Got out of the dungeon alive.
             The game lasted 00:00:27 (314 turns).

ChadusMaximus the Caller (Human Summoner)            Turns: 314, Time: 00:00:27

Health: 3/13       AC:  2    Str:  8    XL:     1   Next: 44%
Magic:  1/3        EV: 12    Int: 15    God:
Gold:   0          SH:  0    Dex: 13    Spells: 3/4 levels left

rFire   . . .      SeeInvis .   (no weapon)
rCold   . . .      Faith    .   (no shield)
rNeg    . . .      Spirit   .   a - +0 robe
rPois   .          Reflect  .   (no helmet)
rElec   .          Harm     .   (no cloak)
rCorr   .          Rampage  .   (no gloves)
Will    .....                   (no boots)
Stlth   ++........              (no amulet)
HPRegen 0.04/turn               (no ring)
MPRegen 0.08/turn               (no ring)

@: no status effects
A: no striking features
a: no special abilities


You escaped.
You visited 1 branch of the dungeon, and saw 1 of its levels.

Inventory:

Armour
 a - a +0 robe (worn)
Potions
 b - a potion of magic


   Skills:
 + Level 2.0 Dodging
 + Level 2.0 Stealth
 + Level 2.0 Spellcasting
 + Level 4.0 Summonings


You had 3 spell levels left.
You knew the following spells:

 Your Spells              Type           Power      Damage    Failure   Level
a - Summon Small Mammal   Summ           52%        N/A       4%          1

Your spell library contained the following spells:

 Spells                   Type           Power      Damage    Failure   Level
 Call Imp                 Summ           13%        N/A       6%          2
 Call Canine Familiar     Summ           13%        N/A       13%         3
 Summon Guardian Golem    Hex/Summ       7%         N/A       28%         3
 Summon Lightning Spire   Summ/Air       7%         N/A       67%         4


Dungeon Overview and Level Annotations

Branches:
Dungeon (1/15)

Altars:


Message History

Your rat bites the jackal but does no damage.
Something closely misses your rat. The jackal bites your rat.
Your rat dies!
Your rat's corpse disappears in a puff of smoke!
Your magical contamination has completely faded away.
Casting: Summon Small Mammal (safe; 4% risk of failure)
Confirm with . or Enter, or press ? or * to list all spells.
The rat barely misses you.
You swap places.
Your bat hits the rat but does no damage.
Your bat completely misses the rat.
The rat bites your bat but does no damage.
Your bat barely misses the rat.
Your bat completely misses the rat.
Casting: Summon Small Mammal (safe; 4% risk of failure)
Confirm with . or Enter, or press ? or * to list all spells.
You don't have enough magic to cast this spell.
Your bat hits the rat but does no damage.
Your bat hits the rat. The rat bites your bat.
Your bat dies!
Your bat's corpse disappears in a puff of smoke!
The rat completely misses you. The rat attacks as you move away!
The rat completely misses you. The jackal barely misses you. The rat bites you.
The jackal bites you but does no damage.
The jackal bites you. The jackal attacks as you move away!
The jackal misses you.
The jackal bites you but does no damage.
The rat attacks as you move away! The rat bites you. The jackal bites you.
The jackal barely misses you. The jackal attacks as you move away!
The jackal misses you. The jackal barely misses you.
The jackal barely misses you.
There is a staircase leading out of the dungeon here.
You can't go down here!
Are you sure you want to leave the Dungeon?
This will make you lose the game! The jackal misses you.
The jackal bites you. x3
* * * LOW HITPOINT WARNING * * *
You have escaped!

#.#...h. #.......
#h..r. #.####
######.###
#........#
##.####h#.#
#♣♣#♣♣♣.......#.##
♣@h♣..♣♣.###h.....
♣.h....♣♣ ##....##
♣#r.....♣ #.)...#
♣♣......♣###....#
♣..♣.♣..........#
♣...⌠.....###.###
♣..♣.♣....# #.#
♣.......♣## #+#
♣.......♣


You could see 2 jackals and a rat.

Vanquished Creatures
  A giant cockroach (D:1)
1 creature vanquished.

Vanquished Creatures (collateral kills)
  A kobold (D:1)
1 creature vanquished.

Grand Total: 2 creatures vanquished

Notes
Turn   | Place    | Note
-------+----------+-------------------------------------------
     0 | D:1      | ChadusMaximus the Human Summoner began the quest for the
                  | Orb.
     0 | D:1      | Reached XP level 1. HP: 13/13 MP: 3/3
   314 | D:$      | Got out of the dungeon alive.

Illustrated notes

Levels and vault maps discovered:
D:1:      amcnicky_arrival_underground_garden, layout_loops_corners,
          basic_ecumenical_altar

Action                   || total
-------------------------++-------
Melee: Unarmed           ||    12
 Cast: Summon Small Mamm ||     8
Armor: Robe              ||     9
Dodge: Dodged            ||    18
